 Dungeon Crawl Stone Soup version 0.31-a0-217-g58bb5d79cf (webtiles) character file.

Game seed: 4282854141142359663

1570391 PaperRat the Luminary of Lethal Lore (level 25, 159/159 HPs)
             Began as a Deep Elf Fire Elementalist on July 2, 2023.
             Was the Champion of Vehumet.
             Escaped with the Orb
             ... and 3 runes!
             The game lasted 05:05:49 (77138 turns).

PaperRat the Luminary of Lethal Lore (DEFE)        Turns: 77138, Time: 05:05:49

Health: 159/159    AC: 18    Str:  5    XL:     25   Next: 94%
Magic:  49/49      EV: 23    Int: 44    God:    Vehumet [******]
Gold:   4563       SH:  9    Dex: 19    Spells: 2/64 levels left

rFire   + + +        w - +12 short sword "Cugolil" {vamp, rPois rF+ Dex+4}
rCold   + . .        k - +3 buckler {rF+}
rNeg    + . .        s - +2 robe {Will+}
rPois   +            p - +2 helmet {Int+3}
rElec   .            I - +4 cloak "Diuce" {Drain Regen+ Int+2}
rCorr   +            m - +1 pair of gloves of Sunlight {rF+ Int+6}
SInv    +            o - +2 pair of boots
Will    +++..        E - amulet of magic regeneration
Stlth   ++           h - ring of see invisible
HPRegen 1.26/turn    r - ring of Mukovu Zuzu {rF+ rC+ rN+ rCorr Slay-6, =R}
MPRegen 0.71/turn

%: no passive effects
@: studying 2 skills
A: no striking features
0: Orb of Zot
}: 3/15 runes: decaying, silver, gossamer
a: Renounce Religion


You escaped.
You worshipped Vehumet.
Vehumet was exalted by your worship.
You visited 10 branches of the dungeon, and saw 48 of its levels.
You also visited: Sewer and Ice Cave.

You collected 12009 gold pieces.
You spent 7446 gold pieces at shops.

Inventory:

Hand Weapons
 w - the +12 short sword "Cugolil" (weapon) {vamp, rPois rF+ Dex+4}
   (You found it on level 4 of the Swamp)

   Dex:       It affects your dexterity (+4).
   rF:        It protects you from fire.
   rPois:     It protects you from poison.
Missiles
 F - 4 curare-tipped darts (quivered)
 S - a throwing net {!f}
Armour
 k - a +3 buckler of fire resistance (worn)
 m - the +1 pair of gloves of Sunlight (worn) {rF+ Int+6}
   (You took it off Nikola on level 1 of the Vaults)

   Int:       It affects your intelligence (+6).
   rF:        It protects you from fire.
 o - a +2 pair of boots (worn)
 p - a +2 helmet of intelligence (worn)
 s - a +2 robe of willpower (worn)
 I - the +4 cloak "Diuce" (worn) {Drain Regen+ Int+2}
   (You bought it in a shop on level 11 of the Dungeon)

   Int:       It affects your intelligence (+2).
   Regen:     It increases your rate of health regeneration.
   Drain:     It drains your maximum health when unequipped.
Magical Staves
 a - a staff of fire
Jewellery
 h - a ring of see invisible (left hand)
 r - the ring of Mukovu Zuzu (right hand) {rF+ rC+ rN+ rCorr Slay-6, =R}
   (You took it off Bai Suzhen on level 3 of the Elven Halls)

   [ring of resist corrosion]

   Slay:      It affects your accuracy & damage with ranged weapons and melee
   (-6).
   rF:        It protects you from fire.
   rC:        It protects you from cold.
   rN:        It protects you from negative energy.
   rCorr:     It protects you from acid and corrosion.
 v - the macabre finger necklace {Finger+ rN+}
   (You took it off a frost giant on level 3 of the Depths)

   [amulet of nothing]

   Finger+:   It enables you to equip an extra ring.
   rN:        It protects you from negative energy.
 D - a ring of flight
 E - an amulet of magic regeneration (around neck)
 H - the ring of Vingea Capy {Will++ MP+9 Int+2}
   (You acquired it on level 1 of the Realm of Zot)

   [ring of magical power]

   Int:       It affects your intelligence (+2).
   MP:        It affects your magic capacity (+9).
   Will:      It greatly increases your willpower.
 N - the ring of Hoewa {rElec AC+4 Str+2}
   (You bought it in a shop on level 2 of the Orcish Mines)

   [ring of protection]

   AC:        It affects your AC (+4).
   Str:       It affects your strength (+2).
   rElec:     It insulates you from electricity.
 T - a ring of willpower
 U - a ring of protection from fire
Wands
 b - a wand of iceblast (23)
 c - a wand of acid (16)
 d - a wand of digging (21)
 n - a wand of charming (61)
 z - a wand of mindburst (63)
Scrolls
 f - 6 scrolls of enchant armour
 i - 6 scrolls of immolation
 l - a scroll of revelation
 q - 3 scrolls of amnesia
 t - 6 scrolls of poison
 y - 8 scrolls of fear {@r4}
 G - 22 scrolls of teleportation {@r3}
 J - 12 scrolls of vulnerability
 O - 8 scrolls of fog {@r2}
 P - 4 scrolls of butterflies {@r6}
 Y - 12 scrolls of blinking {@r5}
Potions
 e - 15 potions of mutation {@q7}
 g - 6 potions of lignification
 j - 5 potions of brilliance {@q5}
 u - 2 potions of magic
 x - 2 potions of haste {@q4}
 A - 4 potions of resistance
 K - 6 potions of enlightenment {@q6}
 L - 3 potions of invisibility
 M - 20 potions of curing {@q1}
 Q - 6 potions of cancellation
 R - 13 potions of heal wounds {@q2}
 W - 7 potions of ambrosia
Miscellaneous
 B - a phantom mirror
 C - a condenser vane
 V - a lightning rod (4/4)
 X - a box of beasts
 Z - a phial of floods


   Skills:
 + Level 16.6 Fighting
 - Level 4.0 Armour
 + Level 17.2 Dodging
 + Level 8.7 Stealth
 - Level 6.0 Shields
 - Level 20.0 Spellcasting
 - Level 20.0 Conjurations
 - Level 8.0 Hexes
 - Level 10.0 Summonings
 - Level 5.0 Transmutations
 - Level 22.0 Fire Magic
 - Level 5.0 Ice Magic
 - Level 14.2 Air Magic
 - Level 22.3 Invocations
 - Level 8.0 Evocations


You had 2 spell levels left.
You knew the following spells:

 Your Spells              Type           Power      Damage    Failure   Level
a - Fireball              Conj/Fire      61%        3d23      0%          5
b - Maxwell's Capacitive  Air            53%        ∞         4%          8
c - Summon Mana Viper     Hex/Summ       89%        N/A       1%          5
d - Ignition              Fire           63%        3d17      1%          8
f - Fire Storm            Conj/Fire      61%        8d16      4%          9
g - Passwall              Tmut/Erth      50%        N/A       1%          2
q - Irradiate             Conj/Tmut      50%        3d28      1%          5
s - Plasma Beam           Fire/Air       58%        2x1d74    1%          6
t - Blink                 Tloc           88%        N/A       1%          2
v - Yara's Violent Unrav  Hex/Tmut       39%        3d16      1%          5
x - Spellforged Servitor  Conj/Summ      54%        N/A       1%          7

Your spell library contained the following spells:

 Spells                   Type           Power      Damage    Failure   Level
 Shatter                  Erth           22%        3d19*     100%        9
 Foxfire                  Conj/Fire      100%       2x1d9     0%          1
 Kiss of Death            Conj/Necr      100%       2d13      0%          1
 Magic Dart               Conj           100%       1d8       0%          1
 Shock                    Conj/Air       100%       1d9       0%          1
 Momentum Strike          Conj/Tloc      100%       3d10      0%          2
 Scorch                   Fire           100%       2d9       0%          2
 Static Discharge         Conj/Air       100%       2-7/arc   0%          2
 Beastly Appendage        Tmut           100%       N/A       1%          1
 Slow                     Hex            100%       N/A       1%          1
 Call Imp                 Summ           100%       N/A       1%          2
 Cigotuvi's Dreadful Rot  Necr/Pois/Air  100%       N/A       1%          2
 Ensorcelled Hibernation  Hex/Ice        100%       N/A       1%          2
 Lesser Beckoning         Tloc           88%        N/A       1%          2
 Sublimation of Blood     Necr           44%        N/A       1%          2
 Wereblood                Tmut           73%        N/A       1%          2
 Dazzling Flash           Conj/Hex       100%       N/A       0%          3
 Hailstorm                Conj/Ice       100%       3d20      0%          3
 Inner Flame              Hex/Fire       100%       N/A       0%          3
 Mephitic Cloud           Conj/Pois/Air  98%        N/A       0%          3
 Swiftness                Air            100%       N/A       0%          3
 Airstrike                Air            53%        2d(8-24)  0%          4
 Flame Wave               Conj/Fire      100%       2d21      0%          4
 Sticky Flame             Conj/Fire      100%       2d11      0%          4
 Arcjolt                  Conj/Air       57%        1d67      0%          5
 Iskenderun's Battlesphe  Conj           100%       2d15      0%          5
 Call Canine Familiar     Summ           93%        N/A       1%          3
 Confusing Touch          Hex            85%        N/A       1%          3
 Ignite Poison            Fire/Tmut/Pois 89%        N/A       1%          3
 Ozocubu's Armour         Ice            73%        N/A       1%          3
 Portal Projectile        Hex/Tloc       100%       N/A       1%          3
 Spider Form              Tmut/Pois      60%        N/A       1%          3
 Stone Arrow              Conj/Erth      100%       3d13      1%          3
 Tukima's Dance           Hex            85%        N/A       1%          3
 Vhi's Electric Charge    Tloc/Air       100%       N/A       1%          3
 Volatile Blastmotes      Fire/Tloc      100%       2d18      1%          3
 Ice Form                 Ice/Tmut       73%        N/A       1%          4
 Leda's Liquefaction      Hex/Erth       34%        N/A       1%          4
 Summon Lightning Spire   Summ/Air       100%       N/A       1%          4
 Freezing Cloud           Conj/Ice/Air   51%        6-21      1%          5
 Metabolic Englaciation   Hex/Ice        39%        N/A       1%          5
 Silence                  Hex/Air        48%        N/A       1%          5
 Conjure Ball Lightning   Conj/Air       57%        3x3d21    1%          6
 Summon Cactus Giant      Summ           46%        N/A       1%          6
 Orb of Destruction       Conj           60%        9d15      1%          7
 Gell's Gravitas          Tloc           44%        N/A       2%          3
 Teleport Other           Tloc           44%        N/A       2%          3
 Vampiric Draining        Necr           44%        2d9       2%          3
 Petrify                  Tmut/Erth      60%        N/A       2%          4
 Summon Forest            Summ/Tloc      36%        N/A       2%          5
 Animate Dead             Necr           44%        N/A       8%          4
 Dispel Undead            Necr           44%        3d17      8%          4
 Manifold Assault         Tloc           44%        N/A       8%          4
 Passage of Golubria      Tloc           44%        N/A       8%          4
 Eringya's Noxious Bog    Tmut/Pois      30%        N/A       11%         6
 Summon Hydra             Summ           46%        N/A       11%         7
 Chain Lightning          Conj/Air       57%        3d76      17%         9
 Ozocubu's Refrigeration  Ice            36%        4d15      21%         7
 Lehudib's Crystal Spear  Conj/Erth      46%        10d11     21%         8
 Borgnjor's Vile Clutch   Necr/Erth      22%        N/A       22%         5
 Enfeeble                 Hex            42%        N/A       24%         7
 Simulacrum               Ice/Necr       30%        N/A       38%         6
 Haunt                    Necr/Summ      36%        N/A       63%         7
 Summon Horrible Things   Summ           46%        N/A       63%         8
 Death Channel            Necr           22%        N/A       75%         6
 Dispersal                Tloc           22%        N/A       75%         6
 Infestation              Necr           22%        N/A       100%        8
 Dragon's Call            Summ           46%        N/A       100%        9


Dungeon Overview and Level Annotations

Branches:
Dungeon (15/15)            Temple (1/1) D:4            Lair (5/5) D:8
  Swamp (4/4) Lair:3       Spider (4/4) Lair:3        Slime (0/5) Lair:5
    Orc (2/2) D:12            Elf (3/3) Orc:2        Vaults (5/5) D:14
  Crypt (0/3) Vaults:3     Depths (4/4) D:15            Zot (5/5) Depths:4
  Sewer (visited)           IceCv (visited)

Altars:
Ashenzari
Cheibriados
Dithmenos
Elyvilon
Gozag
Hepliaklqana
Makhleb
Nemelex Xobeh
Qazlal
Sif Muna
Uskayaw
Vehumet
Wu Jian
Xom
Yredelemnul
Zin
The Shining One

Shops:
D:11 [   Orc:2 =*?(   Vaults:2 (   Vaults:4 [   Zot:5 *   Depths:1 *=(!
Depths:4 =:=

Portals:
Hell: Depths:1 Depths:2 Depths:3 Depths:4
Abyss: Depths:3
Pandemonium: Depths:2
Ziggurat: Depths:4

Annotations:
Elf:2 5 runed translucent doors
Zot:4 2 transporters


Message History

You feel your power returning.
(D) Dungeon (T) Temple (L) Lair (S) Swamp (N) Spider Nest (M) Slime Pits (O) Orcish Mines (E) Elven Halls (V) Vaults (C) Crypt (U) Depths (H) Hell (Z) Zot
Where to? (Enter - D:5 @ (x,y), ? - help) HP restored.
You climb downwards.
The Brimstone Fiend gestures at you.
The sphere of damnation explodes!
The damnation engulfs you!!
There is a stone staircase leading up here.
The Brimstone Fiend calls on the powers of darkness!
Your body is wracked with pain!
You climb upwards.
There is a stone staircase leading down here.
You see here a boomerang.
You feel much better.
You feel much better.
You feel much better.
Magic restored.
There is a stone staircase leading up here.
You climb upwards.
There is a stone staircase leading down here.
Okay, then.
(D) Dungeon (T) Temple (L) Lair (S) Swamp (N) Spider Nest (M) Slime Pits (O) Orcish Mines (E) Elven Halls (V) Vaults (C) Crypt (U) Depths (H) Hell (Z) Zot
Where to? (Enter - D:4 @ (x,y), ? - help)
What level of the Dungeon? (default 1, ? - help)
You enter the shallow water.
Moving in this stuff is going to be slow.
There is a stone staircase leading up here.
You climb upwards.
There is a stone staircase leading down here.
There is a stone staircase leading up here.
You climb upwards.
There is a stone staircase leading down here.
There is a staircase leading out of the dungeon here.
You have escaped!

# ###.###
#
##.....##
#
#.#8~8#.#
#
#.#≈≈≈#.#
#
#.#8≈8#.#
#
#.#≈≈≈#.#
#
#.#8≈8#.#
#
##.....##
# ##.@.##
#####


There were no monsters in sight!

Vanquished Creatures
  4 dread liches
  4 ancient liches
  2 orbs of fire (Zot:5)
  Sojobo (Vaults:4)
  Bai Suzhen (Elf:3)
  Frederick (Vaults:5)
  11 Killer Klowns
  2 curse toes
  Saint Roka (Elf:3)
  3 caustic shrikes (Depths:4)
  5 golden dragons
  A bone dragon (Depths:4)
  2 doom hounds (Depths:2)
  A Hell Sentinel (D:7)
  17 Orb Guardians
  4 electric golems
  16 tentacled monstrosities
  3 titans
  6 liches
  6 quicksilver dragons
  2 deep elf blademasters
  2 deep elf master archers (Elf:3)
  Frances (D:12)
  6 death cobs
  7 sphinxes
  Kirke (Lair:4)
  4 tengu reavers
  Donald (Swamp:3)
  15 storm dragons
  5 shadow dragons
  A thorn hunter (Swamp:4)
  6 draconian knights
  11 fire giants
  4 emperor scorpions
  8 frost giants
  6 deep elf sorcerers
  A fenstrider witch (Swamp:4)
  3 draconian monks
  3 iron dragons
  5 ghost moths
  14 vault wardens
  4 angels (Zot:2)
  2 spectral juggernauts (Depths:2)
  2 draconian shifters
  The ghost of jt the Eclecticist, an adept VSDe of Vehumet (Swamp:4)
  4 draconian scorchers
  12 ironbound preservers
  18 very ugly things
  2 deep elf elementalists (Elf:3)
  2 orc warlords
  A spectral caustic shrike (Depths:2)
  3 war gargoyles
  5 draconian annihilators
  3 formless jellyfish
  3 draconian stormcallers
  5 broodmothers
  12 stone giants
  3 spriggan defenders
  8 ironbound thunderhulks
  4 eleionomae
  7 deep elf demonologists
  6 vampire knights
  4 spectral titans (Depths:2)
  7 green draconians
  10 purple draconians
  9 white draconians
  5 black draconians
  6 spark wasps
  13 deep elf annihilators
  4 red draconians
  5 yellow draconians
  2 dire elephants
  2 bunyips
  A crystal guardian (Vaults:3)
  7 deep elf death magi
  3 eidola
  15 ettins
  8 fire dragons
  4 entropy weavers
  A great orb of eyes (shapeshifter) (Vaults:5)
  Josephine (D:13)
  2 great orbs of eyes
  5 deep elf high priests
  3 spectral golden dragons (Depths:2)
  A shambling mangrove (Swamp:4)
  28 vault guards
  13 yaktaur captains
  14 hydras
  5 ice dragons
  6 spriggan air magi
  3 jorogumos
  2 hell beasts
  3 rakshasas
  2 spectral tengu (Depths:2)
  3 peacekeepers
  A catoblepas (D:14)
  3 ogre magi (Vaults:5)
  A radroach (Spider:1)
  A caustic shrike simulacrum (Depths:2)
  2 ghost crabs
  3 spectral frost giants (Depths:2)
  An anaconda (shapeshifter) (Zot:2)
  4 two-headed ogres
  4 alligators
  A spectral fire giant (Depths:2)
  6 ironbound frosthearts
  10 dancing weapons
  7 centaur warriors
  4 boulder beetles
  3 deep troll shamans
  2 death yaks (IceCv)
  A spectral stone giant (Depths:2)
  7 orc high priests
  2 deep troll earth magi
  6 tengu warriors
  5 vampire magi (Depths:2)
  The ghost of Klosterheim the Nimble, a novice GnGl of Hepliaklqana (D:10)
  5 spriggan berserkers
  6 demonic crawlers
  Urug (Lair:4)
  2 spectral storm dragons (Depths:2)
  A sun demon (D:13)
  2 soul eaters
  A titan skeleton (Depths:2)
  6 hell knights (Depths:4)
  2 iron trolls (Depths:1)
  A spectral death yak (Lair:3)
  5 deep elf knights
  2 spectral spriggans (Depths:2)
  Amaemon (D:9)
  8 pharaoh ants
  A spectral bunyip (Swamp:4)
  A skyshark (Lair:5)
  2 sun moths (Spider:4)
  32 deep trolls
  6 goliath frogs
  A fire crab (D:8)
  3 spriggan druids
  A deep troll (shapeshifter) (Vaults:5)
  A spectral spark wasp (Depths:2)
  A death drake (Depths:2)
  8 glowing orange brains
  4 bog bodies (Swamp:4)
  A golden dragon skeleton (Depths:2)
  11 swamp dragons
  11 deep elf archers
  3 flayed ghosts (Depths:2)
  2 spectral iron dragons (Depths:2)
  A fenstrider witch simulacrum (Swamp:4)
  8 orb spiders
  5 steelbarb worms
  16 orc knights
  4 lindwurms
  An obsidian statue (Zot:5)
  9 phantasmal warriors
  22 deep elf pyromancers
  5 orc sorcerers
  7 wizards
  23 ironbound convokers
  4 necromancers
  2 orange crystal statues (Depths:2)
  15 wolf spiders
  26 deep elf zephyrmancers
  3 harpies (Vaults:2)
  13 ugly things
  3 oklob plants
  A sphinx zombie (Vaults:3)
  3 will-o-the-wisps (Swamp:4)
  4 manticores
  4 cyclopes
  Joseph (Lair:1)
  20 moths of wrath
  17 vault sentinels
  A stone giant skeleton (Depths:2)
  Maurice (D:11)
  2 human skeletons (Vaults:3)
  4 elephants
  2 smoke demons (D:12)
  An ice statue (IceCv)
  A cane toad (shapeshifter) (Depths:3)
  2 titan simulacra (Depths:2)
  2 molten gargoyles (Lair:5)
  11 black mambas
  16 cane toads
  An eye of devastation (shapeshifter) (Depths:3)
  5 torpor snails
  An orange demon (D:9)
  Maggie (Lair:2)
  An unseen horror (D:10)
  A kobold demonologist (D:12)
  2 storm dragon simulacra
  15 yaktaurs
  2 freezing wraiths
  3 tengu conjurers
  A tormentor (D:12)
  13 komodo dragons
  2 efreet (D:15)
  4 ice devils
  A golden dragon simulacrum (Depths:2)
  2 queen bees (shapeshifter)
  2 spectral glowing shapeshifters (Depths:2)
  6 bloated husks
  7 hornets
  A shadow dragon simulacrum (Depths:2)
  4 tengu simulacra (Depths:2)
  7 meliai
  A troll (shapeshifter) (D:13)
  5 trolls
  2 hellwings (D:12)
  12 polar bears (IceCv)
  27 tarantellas
  A wind drake (shapeshifter) (D:15)
  23 blink frogs
  7 tyrant leeches
  A spectral black mamba (Lair:3)
  An air elemental (Elf:1)
  2 ettin zombies
  32 slime creatures
  18 culicivoras
  25 jumping spiders
  A vampire (D:14)
  6 spriggans
  6 water elementals
  6 wraiths
  4 wyverns
  A slime creature (shapeshifter) (Vaults:5)
  A spriggan (shapeshifter) (Vaults:5)
  56 yaks
  7 fire elementals
  A shadow (D:9)
  4 basilisks
  5 hogs
  5 spriggan simulacra
  3 steam dragons
  A chaos spawn (D:9)
  Edmund (D:4)
  Menkaure (D:5)
  19 vampire mosquitoes
  32 redbacks
  2 wargs (Orc:1)
  A human zombie (Depths:2)
  8 acid dragons
  16 swamp worms
  2 floating eyes (shapeshifter)
  A floating eye (Depths:2)
  4 hell hounds
  13 water moccasins
  A hydra simulacrum (Swamp:4)
  40 orc warriors
  A black bear (Lair:5)
  4 swamp drakes
  Pargi (Sewer)
  2 sky beasts (D:7)
  A black bear (shapeshifter) (Elf:3)
  5 ice beasts
  A spectral polar bear (Lair:3)
  14 centaurs
  36 wolves
  5 ogres
  2 phantoms
  4 boggarts (Lair:5)
  A gnoll sergeant (D:10)
  3 nameless horrors
  5 kobold brigands
  2 glowing shapeshifter simulacra (Depths:2)
  4 scorpions
  15 bullfrogs
  10 wights
  8 killer bees
  2 howler monkeys
  4 crimson imps (D:13)
  4 lava snakes (Lair:5)
  4 hounds
  17 jellies
  32 orc priests
  5 iguanas
  25 orc wizards
  Robin (D:4)
  7 adders
  3 shadow imps
  7 white imps
  2 ufetubi
  5 worms
  A dart slug (D:5)
  123 orcs
  6 ball pythons
  7 bats
  9 endoplasms
  10 giant cockroaches
  16 goblins
  13 hobgoblins
  3 jackals (D:1)
  4 quokkas
  2 frilled lizards (D:1)
  36 kobolds
  6 rats
  2 butterflies
  2 fire vortices (Zot:5)
  2 foxfires
1939 creatures vanquished.

Vanquished Creatures (collateral kills)
  Mara (Swamp:4)
  A Killer Klown (Zot:5)
  3 golden dragons
  Nikola (Vaults:1)
  Arachne (Spider:2)
  13 Orb Guardians
  2 titans (Vaults:5)
  Grunn (Depths:2)
  A lich (Depths:1)
  A death cob (Zot:2)
  A tengu reaver (Vaults:4)
  2 shadow dragons
  3 fire giants
  3 frost giants
  6 vault wardens
  A deep elf sorcerer (Vaults:5)
  An emperor scorpion (Spider:2)
  3 iron dragons
  8 very ugly things
  A draconian annihilator (Zot:5)
  2 broodmothers (Spider:4)
  A vampire knight (Depths:2)
  An orc warlord (Vaults:1)
  4 ironbound preservers
  An ironbound thunderhulk (Vaults:2)
  4 stone giants
  2 war gargoyles
  7 dire elephants
  A black draconian (Zot:5)
  A green draconian (Zot:2)
  Azrael (Elf:1)
  3 red draconians
  2 white draconians
  A crystal guardian (Vaults:3)
  3 fire dragons
  5 entropy weavers
  3 yaktaur captains
  2 hydras (Swamp:4)
  A juggernaut simulacrum (Depths:2)
  4 vault guards
  A spriggan air mage (Depths:4)
  2 jorogumos (Spider:3)
  A spectral sphinx (Depths:2)
  2 ironbound frosthearts (Vaults:2)
  6 centaur warriors
  3 boulder beetles
  An alligator (Swamp:1)
  A catoblepas (D:14)
  3 death yaks (IceCv)
  2 dancing weapons
  A deep troll shaman (Depths:1)
  A tengu warrior (D:15)
  3 deep troll earth magi
  A deep elf knight (Elf:2)
  3 sun moths
  3 iron trolls
  2 death drakes (Depths:2)
  A flayed ghost (Depths:2)
  A phantasmal warrior (Vaults:5)
  9 deep trolls
  A wizard (Vaults:1)
  2 swamp dragons (Swamp:4)
  2 orb spiders
  2 spectral hydras
  2 bog bodies
  A steelbarb worm (Spider:2)
  A deep elf archer (Elf:1)
  A deep elf pyromancer (Elf:1)
  A deep elf zephyrmancer (Elf:1)
  8 wolf spiders
  13 ugly things
  2 ironbound convokers
  A shining eye (shapeshifter) (D:14)
  3 moths of wrath
  An elephant (Lair:4)
  6 vault sentinels
  A torpor snail (Spider:1)
  A komodo dragon (Lair:4)
  8 yaktaurs
  A tengu conjurer (Depths:3)
  A red devil (D:14)
  A meliai (Spider:4)
  A troll (D:12)
  A hellwing (D:12)
  A tyrant leech (Swamp:1)
  3 polar bears (IceCv)
  4 tarantellas
  A raiju (shapeshifter) (D:14)
  2 jumping spiders
  5 slime creatures
  A water elemental (Elf:3)
  A shadow (D:12)
  2 culicivoras
  A yak (IceCv)
  A fire elemental (Elf:1)
  10 redbacks
  3 basilisks
  3 hell hounds
  A swamp drake (Swamp:4)
  An earth elemental (Elf:2)
  A lava snake (Lair:5)
  A fire vortex (Zot:1)
  8 foxfires
262 creatures vanquished.

Vanquished Creatures (others)
  A deep elf annihilator (Elf:2)
  A human (Lair:5)
  210 fire vortices
  1008 foxfires
1220 creatures vanquished.

Grand Total: 3421 creatures vanquished

Notes
Turn   | Place    | Note
-------+----------+-------------------------------------------
     0 | D:1      | PaperRat the Deep Elf Fire Elementalist began the quest for
                  | the Orb.
     0 | D:1      | Reached XP level 1. HP: 10/10 MP: 6/6
   153 | D:1      | Reached XP level 2. HP: 16/16 MP: 4/8
   188 | D:1      | Learned a level 2 spell: Scorch
   630 | D:1      | Reached skill level 1 in Fighting
   862 | D:1      | Found a faded altar of an unknown god.
   921 | D:1      | Reached XP level 3. HP: 20/20 MP: 7/9
  1498 | D:1      | Learned a level 3 spell: Swiftness
  1991 | D:2      | Reached skill level 1 in Air Magic
  1991 | D:2      | Reached XP level 4. HP: 25/25 MP: 6/10
  2232 | D:2      | Found a shadowy altar of Dithmenos.
  2776 | D:3      | Found a glowing drain.
  2792 | Sewer    | Entered a sewer
  3034 | Sewer    | Noticed Pargi
  3054 | Sewer    | Killed Pargi
  3055 | Sewer    | Reached XP level 5. HP: 30/30 MP: 5/11
  3114 | Sewer    | Learned a level 4 spell: Flame Wave
  3459 | D:3      | Found a shadowy altar of Dithmenos.
  3814 | D:4      | Noticed a phantom
  3821 | D:4      | Killed a phantom
  3822 | D:4      | Reached skill level 1 in Evocations
  3822 | D:4      | Reached XP level 6. HP: 35/35 MP: 4/12
  4153 | D:4      | Noticed Edmund
  4553 | D:4      | Reached skill level 5 in Fire Magic
  4719 | D:4      | Found a staircase to the Ecumenical Temple.
  4736 | Temple   | Entered the Ecumenical Temple
  4746 | Temple   | Became a worshipper of Vehumet
  4793 | D:4      | Reached skill level 5 in Conjurations
  4963 | D:4      | Noticed Robin
  4976 | D:4      | Killed Robin
  4977 | D:4      | Reached XP level 7. HP: 40/40 MP: 9/13
  5279 | D:4      | Found a basalt altar of Yredelemnul.
  5279 | D:4      | Found an opulent altar of Gozag.
  5280 | D:4      | Found a hazy altar of Hepliaklqana.
  5282 | D:4      | Found a stormy altar of Qazlal.
  5284 | D:4      | Found a sparkling altar of Nemelex Xobeh.
  5921 | D:5      | Entered Level 5 of the Dungeon
  6047 | D:5      | Reached * piety under Vehumet
  6047 | D:5      | Offered knowledge of Magic Dart by Vehumet.
  6541 | D:5      | Noticed Menkaure
  6549 | D:5      | Killed Menkaure
  6635 | D:5      | Reached XP level 8. HP: 46/46 MP: 8/16
  6779 | D:5      | Learned a level 5 spell: Freezing Cloud
  7043 | D:5      | Reached skill level 1 in Ice Magic
  7320 | D:6      | Noticed a two-headed ogre
  7873 | D:6      | Reached XP level 9. HP: 52/52 MP: 10/17
  7899 | D:6      | Killed a two-headed ogre
  7899 | D:6      | Reached ** piety under Vehumet
  7900 | D:6      | Reached skill level 5 in Spellcasting
  7900 | D:6      | Reached skill level 5 in Ice Magic
  8345 | D:4      | Killed Edmund
  8346 | D:4      | Reached skill level 5 in Air Magic
  8657 | D:7      | Offered knowledge of Freeze by Vehumet.
  9210 | D:7      | Reached skill level 5 in Fighting
  9387 | D:7      | Found a white marble altar of Elyvilon.
  9388 | D:7      | Found a burning altar of Makhleb.
  9860 | D:8      | Reached XP level 10. HP: 53/60 MP: 8/21
 10178 | D:8      | Offered knowledge of Hailstorm by Vehumet.
 10253 | D:8      | Reached *** piety under Vehumet
 10351 | D:8      | Found a staircase to the Lair.
 10353 | D:8      | Noticed a fire crab
 10368 | D:8      | Killed a fire crab
 10750 | D:8      | Learned a level 5 spell: Summon Mana Viper
 10876 | D:8      | Reached skill level 1 in Hexes
 10979 | D:9      | Noticed Amaemon
 10981 | D:9      | Noticed an orange demon
 10982 | D:9      | Reached skill level 5 in Dodging
 10982 | D:9      | Reached skill level 1 in Summonings
 10986 | D:9      | Killed Amaemon
 11141 | D:8      | Offered knowledge of Mephitic Cloud by Vehumet.
 11377 | D:9      | Killed an orange demon
 12084 | D:9      | Reached skill level 5 in Hexes
 12084 | D:9      | Reached XP level 11. HP: 52/67 MP: 12/25
 12310 | D:10     | Entered Level 10 of the Dungeon
 12437 | D:10     | Noticed a centaur warrior
 12446 | D:10     | Noticed a two-headed ogre
 12466 | D:10     | Noticed Klosterheim's ghost (novice GnGl)
 12475 | D:10     | Found a transporter.
 12477 | D:10     | Found a transporter.
 12770 | D:10     | Reached **** piety under Vehumet
 12928 | D:10     | Offered knowledge of Iskenderun's Battlesphere by Vehumet.
 13051 | D:10     | Noticed a two-headed ogre
 13062 | D:10     | Learned a level 5 spell: Iskenderun's Battlesphere
 13070 | D:10     | Killed a two-headed ogre
 13638 | Lair:1   | Entered Level 1 of the Lair of Beasts
 13658 | Lair:1   | Reached skill level 5 in Summonings
 13870 | Lair:1   | Identified a scroll of acquirement
 13880 | Lair:1   | Acquired a scarf of resistance
 13892 | Lair:1   | Noticed an oklob plant
 13917 | Lair:1   | Killed an oklob plant
 14804 | Lair:1   | Identified the +1 robe of Cheibriados's Pride {rF+ MP+9
                  | Str-5 Stlth+}
 14852 | Lair:1   | Noticed Joseph
 14864 | Lair:1   | Killed Joseph
 15210 | Lair:2   | Reached XP level 12. HP: 73/73 MP: 20/26
 15501 | Lair:2   | Noticed Maggie
 15506 | Lair:2   | Killed Maggie
 16647 | Lair:2   | Learned a level 5 spell: Irradiate
 16685 | Lair:3   | Reached skill level 1 in Transmutations
 16689 | Lair:3   | Found a frozen archway.
 16715 | IceCv    | Entered an ice cave
 16815 | IceCv    | Reached skill level 10 in Spellcasting
 16827 | IceCv    | Reached ***** piety under Vehumet
 17056 | IceCv    | Offered knowledge of Orb of Destruction by Vehumet.
 17362 | IceCv    | Reached skill level 10 in Fire Magic
 17721 | IceCv    | Noticed a frost giant
 17737 | IceCv    | Noticed a death yak
 17741 | IceCv    | Noticed a death yak
 17745 | IceCv    | Killed a death yak
 17751 | IceCv    | Killed a death yak
 17787 | IceCv    | Killed a frost giant
 17788 | IceCv    | Reached XP level 13. HP: 63/78 MP: 1/29
 18857 | Lair:3   | Acquired the Catalogue of Injurious Convocation
 18867 | Lair:3   | Learned a level 5 spell: Fireball
 18943 | Lair:3   | Found an ornate altar of the Wu Jian Council.
 18943 | Lair:3   | Found a hide-covered altar of Uskayaw.
 19467 | Lair:3   | Reached skill level 5 in Transmutations
 19805 | Lair:3   | Found a hole to the Spider Nest.
 19925 | Lair:3   | Found a staircase to the Swamp.
 20357 | Lair:4   | Noticed Urug
 20364 | Lair:4   | Killed Urug
 20511 | Lair:4   | Noticed Nessos
 20513 | Lair:4   | Nessos changed into Nessos the elephant
 20513 | Lair:4   | Noticed Nessos
 20521 | Lair:4   | Killed Nessos the elephant
 20866 | Lair:4   | Found a shimmering altar of Xom.
 21013 | Lair:4   | Reached skill level 10 in Conjurations
 21685 | Lair:5   | Entered Level 5 of the Lair of Beasts
 21851 | Lair:5   | Offered knowledge of Plasma Beam by Vehumet.
 21868 | Lair:4   | Learned a level 6 spell: Plasma Beam
 22164 | Lair:5   | Reached XP level 14. HP: 71/84 MP: 17/32
 22823 | Lair:5   | Found a staircase to the Slime Pits.
 23043 | Lair:5   | Found a large runed translucent door.
 23044 | Lair:5   | Found a large runed translucent door.
 23923 | Lair:5   | Noticed Kirke
 23931 | Lair:5   | Reached skill level 15 in Fire Magic
 23935 | Lair:4   | Killed Kirke
 24649 | Lair:5   | Offered knowledge of Spellforged Servitor by Vehumet.
 25047 | D:10     | Killed Klosterheim's ghost
 25178 | D:11     | Found Duniequr's Armour Shop.
 25343 | D:11     | Bought a +2 helmet of intelligence for 301 gold pieces
 25343 | D:11     | Bought a +2 pair of gloves for 231 gold pieces
 25462 | D:11     | Noticed Maurice
 25467 | D:11     | Killed Maurice
 26243 | D:12     | Noticed Frances
 26249 | D:12     | Killed Frances
 26448 | D:12     | Found a staircase to the Orcish Mines.
 26617 | D:12     | You fall into a shaft and drop 2 floors!
 26973 | D:12     | Learned a level 7 spell: Spellforged Servitor
 27413 | Orc:1    | Entered Level 1 of the Orcish Mines
 27419 | Orc:1    | Reached XP level 15. HP: 90/90 MP: 17/35
 28373 | Orc:2    | Entered Level 2 of the Orcish Mines
 28692 | Orc:2    | Found a staircase to the Elven Halls.
 29569 | Orc:2    | Reached ****** piety under Vehumet
 29573 | Orc:2    | Offered knowledge of Lee's Rapid Deconstruction by Vehumet.
 29610 | Orc:2    | Reached skill level 1 in Shields
 30968 | Orc:2    | Found Byed's Jewellery Boutique.
 30971 | Orc:2    | Found Kuhiuxke's Magic Scroll Shop.
 30972 | Orc:2    | Found Hiwa's Antique Weapon Boutique.
 30973 | Orc:2    | Found Tilem's General Store.
 30977 | Orc:2    | Bought a scroll of blinking for 105 gold pieces
 30977 | Orc:2    | Bought a scroll of revelation for 105 gold pieces
 30979 | Orc:2    | Bought a scroll of revelation for 135 gold pieces
 30979 | Orc:2    | Bought a scroll of butterflies for 72 gold pieces
 30980 | Orc:2    | Bought the ring of Hoewa {rElec AC+4 Str+2} for 650 gold
                  | pieces
 30980 | Orc:2    | Bought the amulet of Hepliaklqana's Envy {Reflect Int+2
                  | Dex+3 SH+5 Stlth+} for 603 gold pieces
 31269 | D:13     | Identified the +0 pair of gloves of Untold Secrets {Harm
                  | rN++ Will+}
 31534 | D:13     | Offered knowledge of Eringya's Noxious Bog by Vehumet.
 32025 | D:13     | Noticed Josephine
 32032 | D:13     | Killed Josephine
 32033 | D:13     | Reached skill level 15 in Spellcasting
 32402 | D:11     | Bought the +4 cloak "Diuce" {Drain Regen+ Int+2} for 421
                  | gold pieces
 33299 | D:14     | Found a broken altar of Ashenzari.
 33428 | D:14     | Found a gate to the Vaults.
 33668 | D:14     | Reached skill level 10 in Fighting
 34112 | D:15     | Entered Level 15 of the Dungeon
 34847 | D:15     | Found a runed translucent door.
 35263 | D:15     | Found a staircase to the Depths.
 35282 | D:15     | Reached XP level 16. HP: 97/97 MP: 15/37
 35977 | Swamp:1  | Entered Level 1 of the Swamp
 35981 | Swamp:1  | Reached skill level 10 in Dodging
 37023 | Orc:2    | Bought a scroll of amnesia for 56 gold pieces
 37033 | Orc:2    | Learned a level 8 spell: Ignition
 37286 | Swamp:2  | Offered knowledge of Ozocubu's Refrigeration by Vehumet.
 38534 | Swamp:3  | Noticed Donald
 38643 | Swamp:3  | Killed Donald
 38806 | Swamp:3  | Reached skill level 10 in Summonings
 39246 | Swamp:4  | Entered Level 4 of the Swamp
 39443 | Swamp:4  | Found a transporter.
 39549 | Swamp:4  | Noticed a thorn hunter
 39668 | Swamp:4  | Killed a thorn hunter
 39726 | Swamp:4  | Found a transporter.
 39825 | Swamp:4  | Noticed Mara
 39832 | Swamp:4  | Killed Mara
 39834 | Swamp:4  | Noticed jt's ghost (adept VSDe)
 39873 | Swamp:4  | Reached skill level 5 in Evocations
 39904 | Swamp:4  | Identified the +12 short sword "Cugolil" {vamp, rPois rF+
                  | Dex+4}
 40323 | Swamp:4  | Reached skill level 5 in Shields
 40484 | Swamp:4  | Offered knowledge of Starburst by Vehumet.
 40507 | Swamp:4  | Reached XP level 17. HP: 103/103 MP: 7/39
 40670 | Swamp:4  | Got a decaying rune of Zot
 41173 | Swamp:4  | Killed jt's ghost
 41205 | Swamp:4  | Identified the amulet of Yqeocru {Spirit rPois Dex+3}
 41325 | Spider:1 | Entered Level 1 of the Spider Nest
 42814 | Spider:2 | Noticed Arachne
 42818 | Spider:2 | Killed Arachne
 42823 | Spider:2 | Offered knowledge of Fire Storm by Vehumet.
 42823 | Spider:2 | Offered knowledge of Shatter by Vehumet.
 42823 | Spider:2 | Offered knowledge of Maxwell's Capacitive Coupling by
                  | Vehumet.
 42996 | Spider:2 | Identified the +2 quarterstaff of the Spectre {flame, rN+
                  | rCorr Int-5 SInv}
 45782 | Spider:4 | Entered Level 4 of the Spider Nest
 45930 | Spider:4 | Reached XP level 18. HP: 101/110 MP: 35/40
 47569 | Spider:4 | Got a gossamer rune of Zot
 48092 | Elf:1    | Entered Level 1 of the Elven Halls
 48235 | Elf:1    | Learned a level 5 spell: Yara's Violent Unravelling
 48358 | Elf:1    | Noticed Azrael
 48364 | Elf:1    | Killed Azrael
 49658 | Elf:1    | Paralysed by an air elemental for 1 turns
 51008 | Elf:2    | Found a huge runed translucent gate.
 51008 | Elf:2    | Found a huge runed translucent gate.
 51008 | Elf:2    | Found a huge runed translucent gate.
 51010 | Elf:2    | Found a huge runed translucent gate.
 51011 | Elf:2    | Found a huge runed translucent gate.
 51269 | Elf:3    | Entered Level 3 of the Elven Halls
 51779 | Elf:2    | Reached XP level 19. HP: 110/118 MP: 30/43
 51834 | Elf:3    | Identified the +0 leather armour "Rucalae" {Str+3 Dex+5}
 51848 | Elf:3    | Identified the +2 whip of Eternal Harmony {venom, +Blink
                  | rC- Str+3}
 51885 | Elf:3    | Identified the +4 quarterstaff "Giantslayer" {spect, rN+
                  | Str+4}
 51885 | Elf:3    | Identified the ring "Yraefa Getz" {*Corrode Fly rPois
                  | Slay+2}
 51886 | Elf:3    | Noticed Saint Roka
 51895 | Elf:3    | Killed Saint Roka
 52038 | Elf:3    | Identified the +6 trident of the Ecumenical Temple {pain,
                  | Int+4}
 52041 | Elf:3    | Reached skill level 15 in Conjurations
 52044 | Elf:3    | Identified the ring of Mukovu Zuzu {rF+ rC+ rN+ rCorr
                  | Slay-6}
 52044 | Elf:3    | Noticed Bai Suzhen
 52061 | Elf:3    | Killed Bai Suzhen
 52417 | Elf:3    | Identified the +6 falchion of Fimypp {freeze, Will+ MP+9}
 53844 | Vaults:1 | Entered Level 1 of the Vaults
 54403 | Vaults:1 | Identified the +8 flail of Kismet {spect, rElec rPois rC+
                  | Stlth+}
 54619 | Vaults:1 | Identified the +1 pair of gloves of Sunlight {rF+ Int+6}
 54619 | Vaults:1 | Noticed Nikola
 54626 | Vaults:1 | Killed Nikola
 54861 | Vaults:1 | Learned a level 9 spell: Fire Storm
 55372 | Vaults:1 | Identified the staff of Tomorrow {rC+ Str+2 Int-3 Summ Ice}
 55375 | Vaults:1 | Identified the +2 plate armour of Zynlyif {Harm rC- Dex+6
                  | SInv}
 55384 | Vaults:1 | Identified the +1 mace "Eclaab" {heavy, Int+2}
 56288 | Vaults:2 | Reached XP level 20. HP: 113/127 MP: 2/44
 56878 | Vaults:2 | Found Kite's Weapon Boutique.
 57673 | Vaults:3 | Reached skill level 1 in Armour
 58099 | Vaults:3 | Got Sif Muna's Enchiridion on Orientation and Force
 59352 | Vaults:3 | Found a staircase to the Crypt.
 59818 | Vaults:4 | Noticed Sojobo
 59824 | Vaults:4 | Killed Sojobo
 59825 | Vaults:4 | Reached skill level 15 in Dodging
 60110 | Vaults:4 | Reached XP level 21. HP: 131/132 MP: 12/45
 60451 | Vaults:4 | Found Jugoet's Antique Armour Shoppe.
 60460 | Vaults:4 | Bought a smouldering leather armour for 182 gold pieces
 60460 | Vaults:4 | Identified the +3 leather armour "Poroecw" {Int+2 Dex-3
                  | SInv} (You bought it in a shop on level 4 of the Vaults)
 60764 | Vaults:4 | Identified the +0 scale mail of Ru's Generosity {Int+5}
 60870 | Vaults:5 | Entered Level 5 of the Vaults
 60877 | Vaults:5 | Reached skill level 15 in Fighting
 61022 | Vaults:5 | Noticed an ancient lich
 61026 | Vaults:5 | Killed an ancient lich
 61041 | Vaults:5 | Noticed a dread lich
 61046 | Vaults:5 | Killed a dread lich
 61212 | Vaults:5 | Got the Papyrus of the Vector
 61216 | Vaults:5 | Learned a level 2 spell: Blink
 61397 | Vaults:5 | Reached skill level 1 in Invocations
 61587 | Vaults:5 | Noticed a golden dragon
 61594 | Vaults:5 | Killed a golden dragon
 62261 | Vaults:5 | Identified the +9 war axe of Alee {flame, rElec}
 62265 | Vaults:5 | Reached XP level 22. HP: 141/141 MP: 18/46
 62435 | Vaults:5 | Noticed a golden dragon
 62443 | Vaults:5 | Killed a golden dragon
 62497 | Vaults:5 | Identified the ring of Oghut {Ice rElec rPois Int-5}
 62747 | Vaults:5 | Identified the +3 plate armour of Gallantry {rPois Str+2}
 62791 | Vaults:5 | Got a silver rune of Zot
 62919 | Vaults:5 | Noticed Frederick
 62929 | Vaults:5 | Killed Frederick
 63389 | Vaults:5 | Got the Thoughts on Generation and the Sky
 63394 | Vaults:5 | Got the Enchiridion on Inconstant Damage
 63684 | Depths:1 | Entered Level 1 of the Depths
 63705 | Depths:1 | Reached skill level 5 in Invocations
 63748 | Depths:1 | Found Ecrenerr's Antique Weapon Shop.
 63748 | Depths:1 | Found Fimed's Jewellery Boutique.
 63749 | Depths:1 | Found Zoimpiax's Distillery.
 63753 | Depths:1 | Bought a potion of resistance for 220 gold pieces
 63753 | Depths:1 | Bought a potion of invisibility for 176 gold pieces
 63753 | Depths:1 | Found Kaepn's Assorted Antiques.
 63760 | Depths:1 | Bought a scroll of acquirement for 1976 gold pieces
 63760 | Depths:1 | Acquired 1183 gold pieces
 64657 | Depths:1 | Found a gateway to Hell.
 64933 | Depths:1 | Bought a glowing kite shield for 285 gold pieces
 64933 | Depths:1 | Bought a scroll of revelation for 285 gold pieces
 64933 | Depths:1 | Bought a potion of invisibility for 304 gold pieces
 65167 | Depths:1 | Learned a level 8 spell: Maxwell's Capacitive Coupling
 65754 | Depths:3 | Noticed a golden dragon
 65774 | Depths:3 | Killed a golden dragon
 66219 | Depths:3 | Found a one-way gate to the infinite horrors of the Abyss.
 66222 | Depths:3 | Noticed a golden dragon
 66231 | Depths:3 | Killed a golden dragon
 66713 | Depths:3 | Identified the +5 quarterstaff "Impslayer" {freeze, rPois
                  | Str+2}
 67037 | Depths:3 | Identified the +0 ring mail of Uskayaw's Reproof {Rampage}
 67063 | Depths:3 | Reached skill level 10 in Invocations
 67067 | Depths:3 | Reached XP level 23. HP: 136/147 MP: 20/49
 67496 | Depths:3 | Found a shimmering altar of Xom.
 67497 | Depths:3 | Found a shimmering altar of Xom.
 67498 | Depths:3 | Found a shimmering altar of Xom.
 67703 | Depths:3 | You fall into a shaft and drop 1 floor!
 67703 | Depths:4 | Entered Level 4 of the Depths
 67704 | Depths:4 | Found a gate to the Realm of Zot.
 68046 | Depths:2 | Noticed a dread lich
 68053 | Depths:2 | Killed a dread lich
 68057 | Depths:2 | Identified the +1 rapier of Premature Burial {vamp, *Rage
                  | *Corrode rF++ SInv}
 68086 | Depths:2 | Noticed Grunn
 68088 | Depths:2 | Killed Grunn
 68089 | Depths:2 | Reached skill level 10 in Air Magic
 69279 | Depths:2 | Found a one-way gate leading to the halls of Pandemonium.
 69288 | Depths:2 | Identified the ring of Repsoag Cups {rC+ MP+9 Str+3}
 69293 | Depths:2 | Identified the ring "Ritseetu" {Ice rPois rCorr MP-9 Dex+3}
 69673 | Orc:2    | Bought a translucent rapier for 369 gold pieces
 69673 | Orc:2    | Identified the +5 rapier of the Wolf {drain, rF- Int+7}
                  | (You bought it in a shop on level 2 of the Orcish Mines)
 69673 | Orc:2    | Bought a fading mace for 328 gold pieces
 69673 | Orc:2    | Identified the +1 mace of Corruption {pain, rElec rF- rC++
                  | rCorr} (You bought it in a shop on level 2 of the Orcish
                  | Mines)
 69916 | Depths:1 | Bought a smoking long sword for 306 gold pieces
 69916 | Depths:1 | Identified the +5 long sword of the Unseen Realm {pain,
                  | MP+9} (You bought it in a shop on level 1 of the Depths)
 70228 | Depths:4 | Noticed a caustic shrike
 70231 | Depths:4 | Killed a caustic shrike
 70234 | Depths:4 | Noticed a caustic shrike
 70237 | Depths:4 | Killed a caustic shrike
 70238 | Depths:4 | Noticed a caustic shrike
 70240 | Depths:4 | Killed a caustic shrike
 71026 | Depths:4 | Reached XP level 24. HP: 152/152 MP: 47/49
 71089 | Depths:4 | Found Hekkix's Book Shop.
 71090 | Depths:4 | Found Dyacits's Jewellery Emporium.
 71090 | Depths:4 | Found Jasuano's Jewellery Emporium.
 71118 | Depths:4 | Found a one-way gateway to a ziggurat.
 71302 | Zot:1    | Entered Level 1 of the Realm of Zot
 71311 | Zot:1    | Acquired the ring of Vingea Capy {Will++ MP+9 Int+2}
 71558 | Zot:1    | Killed a dread lich
 71559 | Zot:1    | Reached skill level 15 in Invocations
 71677 | Zot:1    | Identified the +4 scimitar of Zeqos {pain, Int+6} (You took
                  | it off a deep elf high priest on level 1 of the Realm of
                  | Zot)
 71677 | Zot:1    | Identified the +0 scale mail of the Abyss {rPois Regen+}
                  | (You took it off a deep elf high priest on level 1 of the
                  | Realm of Zot)
 72303 | Zot:2    | Noticed a Killer Klown
 72303 | Zot:2    | Found a shimmering altar of Xom.
 72303 | Zot:2    | Found a shimmering altar of Xom.
 72303 | Zot:2    | Found a shimmering altar of Xom.
 72309 | Zot:2    | Noticed a Killer Klown
 72312 | Zot:2    | Killed a Killer Klown
 72328 | Zot:2    | Noticed a Killer Klown
 72330 | Zot:2    | Killed a Killer Klown
 72395 | Zot:2    | Killed a Killer Klown
 72418 | Zot:2    | Found a glowing silver altar of Zin.
 72554 | Zot:2    | You fall into a shaft and drop 1 floor!
 74499 | Zot:4    | Found a transporter.
 74735 | Zot:4    | Reached XP level 25. HP: 157/157 MP: 35/49
 74928 | Zot:4    | Found a transporter.
 75070 | Zot:5    | Entered Level 5 of the Realm of Zot
 75308 | Zot:5    | Found Berirum's Changing Room.
 75330 | Zot:5    | Bought a potion of mutation for 168 gold pieces
 75330 | Zot:5    | Bought a potion of mutation for 168 gold pieces
 75624 | Zot:5    | Noticed an ancient lich
 75627 | Zot:5    | Killed an ancient lich
 75682 | Zot:5    | Noticed a dread lich
 75686 | Zot:5    | Killed a dread lich
 75696 | Zot:5    | Noticed a Killer Klown
 75698 | Zot:5    | Killed a Killer Klown
 75722 | Zot:5    | Noticed a Killer Klown
 75734 | Zot:5    | Killed a Killer Klown
 75921 | Zot:5    | Noticed an ancient lich
 75928 | Zot:5    | Noticed an ancient lich
 75929 | Zot:5    | Killed an ancient lich
 75935 | Zot:5    | Killed an ancient lich
 75935 | Zot:5    | Killed a Killer Klown
 75939 | Zot:5    | Noticed a Killer Klown
 75941 | Zot:5    | Killed a Killer Klown
 75991 | Zot:5    | Noticed an orb of fire
 75996 | Zot:5    | Killed an orb of fire
 76091 | Zot:5    | Reached skill level 5 in Stealth
 76105 | Zot:5    | Noticed a Killer Klown
 76108 | Zot:5    | Noticed a Killer Klown
 76108 | Zot:5    | Killed a Killer Klown
 76109 | Zot:5    | Killed a Killer Klown
 76111 | Zot:5    | Noticed a Killer Klown
 76117 | Zot:5    | Killed a Killer Klown
 76143 | Zot:5    | Noticed an orb of fire
 76149 | Zot:5    | Killed an orb of fire
 76150 | Zot:5    | Noticed a Killer Klown
 76153 | Zot:5    | Noticed a Killer Klown
 76154 | Zot:5    | Killed a Killer Klown
 76154 | Zot:5    | Killed a Killer Klown
 76453 | Zot:5    | Got the Orb of Zot
 76758 | D:14     | Learned a level 2 spell: Passwall
 76950 | D:5      | Noticed Hoeq the pandemonium lord
 77138 | D:$      | Escaped with the Orb!

Illustrated notes

Levels and vault maps discovered:
D:1:      lightli_arrival_statue_moat, layout_basic,
          nicolae_ecumenical_lake_church
D:2:      layout_rooms, serial_corexii_hall, chequers_hall_statues_wall_a,
          corexii_hall_statues_u, basic_altar, minmay_cut_off
D:3:      layout_basic, nicolae_dithmenos_through_a_glass_darkly,
          gup_sewer_entry_bubbles, minmay_curled_crystal, serial_bayou_ford_a
D:4:      minmay_chambers_of_twos, layout_loops_ring, minitemple, temple_pool_b,
          serial_aquarium, aquarium_bridge_long_separate
          [aquarium_subvault_bridge, aquarium_subvault_wall,
          aquarium_subvault_wall, aquarium_subvault_bridge,
          aquarium_subvault_bridge, aquarium_subvault_bridge],
          aquarium_window_1, aquarium_window_3, aquarium_view_4,
          minmay_small_thing, uniq_edmund, uniq_robin
D:5:      layout_loops_ring, uniq_menkaure
D:6:      layout_cave_pools
D:7:      layout_basic, gammafunk_temple_overflow_pools,
          minmay_a_box_with_orc_wizards_in_it
D:8:      layout_basic, minmay_lair_entry_lava
D:9:      layout_cave_pools, serial_column_ruins, column_ruins_columns_straight,
          column_ruins_corridor_water, column_ruins_grid_1,
          column_ruins_corridor_corner, column_ruins_grid_1,
          chequers_serial_rivers_micro_c, uniq_amaemon
D:10:     layout_basic, nzn_ghost_randoct
D:11:     layout_roguey, serial_shops, shop, uniq_maurice
D:12:     layout_roguey, david_orc_3, uniq_frances
D:13:     layout_grid_maze, minmay_fire_ice_demons, uniq_josephine
D:14:     layout_grid_maze, david_vaults_2, evilmike_ruin_ashenzari,
          kennysheep_flooded_box, minmay_door_square
D:15:     grunt_enter_depths_snipers, layout_loops_ring, eino_curves_01,
          lightli_church_of_beogh
Temple:   eino_temple_water
Lair:1:   layout_loops_ring, grunt_megastairs_2, uniq_joseph
Lair:2:   layout_layer_cave, serial_forest, infiniplex_forest_clump_cross,
          infiniplex_forest_straight_4, infiniplex_forest_end_1,
          infiniplex_forest_end_2, infiniplex_forest_pool,
          infiniplex_forest_end_3, infiniplex_forest_clump_long,
          infiniplex_staircase_pool, grunt_megastairs_3, uniq_maggie
Lair:3:   layout_regular_city, nicolae_swamp_entry_spooky,
          nicolae_spider_entry_orb_guardian, portal_ice_cave_demonic_guard,
          nzn_masters_of_martial_movement
Lair:4:   layout_roguey, basic_altar, lemuel_fruit_fields, uniq_nessos,
          uniq_urug
Lair:5:   cheibrodos_lair_end_hotspot, layout_gridlike,
          minmay_slime_entry_jelly_boxes, kilobyte_rumbling_trees, uniq_kirke
Swamp:1:  layout_falls_marsh, evilmike_swamp_ruin_house_3, swamp_pool4
Swamp:2:  layout_basic_swamp, hangedman_swamp_cone
Swamp:3:  layout_basic_swamp, evilmike_swamp_ruin_house_5, swamp_pool1,
          uniq_donald
Swamp:4:  swamp_alternative, layout_basic_swamp, gammafunk_ghost_mausoleum,
          swamp_pool2, uniq_mara
Spider:1: layout_spider_delve
Spider:2: layout_cave_pods, uniq_arachne
Spider:3: spider_temple_joshua
Spider:4: hellmonk_spider_rune_endless_swarm
Orc:1:    layout_diamond_mine, nicolae_orc_stony_grotto
Orc:2:    st_orc_pillars, layout_diamond_mine
Elf:1:    eino_elf_arrival_the_gate, layout_loops_corners,
          kennysheep_underground_church, uniq_azrael
Elf:2:    elven_hall_of_blades_hangedman_alternative [grunt_blade_entry_basic],
          layout_loops_cross
Elf:3:    grunt_elf_hall_spiral, layout_geoelf_octagon,
          hangedman_elf_simple_split, uniq_bai_suzhen, uniq_saint_roka
Vaults:1: grunt_vaults_trifunnel, vaults_dpeg_encased_lava,
          nicolae_vaults_house_1, v_rooms_6, nicolae_vaults_tetromino_T_1,
          nicolae_vaults_storing_the_good_stuff,
          nicolae_vaults_ring_of_whatevers, nicolae_vaults_sealed_display,
          layout_vaults_omnigrid, uniq_nikola
Vaults:2: vaults_dpeg_ring, nicolae_vaults_stairing_the_circle, st_cross,
          v_pattern_3, v_alt_pattern_2, layout_vaults_chaotic_city,
          serial_shops, nicolae_square_shop
Vaults:3: nicolae_vaults_shrinking_rooms_1, ontoclasm_vaults_fault,
          nicolae_vaults_wine_cellar, nicolae_vaults_ring_of_whatevers,
          nicolae_vaults_twisting_passages, nicolae_vaults_house_2,
          v_alt_pattern_6, grunt_vaults_twisty, v_misc_22,
          nicolae_vaults_shipping_containers_3, v_misc_28,
          minmay_crypt_entry_simple_corners,
          nicolae_vaults_offset_grid_hallway_4,
          nicolae_vaults_storage_room_glass, ontoclasm_vaults_hangar,
          layout_vaults_omnibox
Vaults:4: hangedman_vaults_corner, v_pattern_2, hangedman_vaults_nails,
          nicolae_vaults_angled_halls, nicolae_vaults_tangram_1,
          hangedman_vaults_hat, grunt_vaults_focal, nicolae_vaults_wrenched,
          serial_ice_h, st_lattice, nicolae_vaults_variable_pillar_hall,
          layout_vaults_omnicross, serial_shops, shop, uniq_sojobo
Vaults:5: serial_shops, uniq_frederick
Depths:1: layout_honeycomb, hell_entry, hex_medium, hangedman_glass_teeth,
          nicolae_titane, minmay_shoptagon
Depths:2: lemuel_river_lethe, serial_shops, hell_entry, pan_entry, uniq_grunn
Depths:3: grunt_arcs, layout_gridville, infiniplex_staircase_squiggle,
          abyss_entry, hell_entry, xom_redecorated
Depths:4: grunt_zot_entry_tricorne, layout_gridville, enter_ziggurat_a,
          hangedman_decor_lopped, hangedman_tar_grid_catacomb,
          minmay_shop_grove, uniq_josephina
Zot:1:    hangedman_zot_vaults_quadrants, layout_concentric_octagons,
          grunt_ministairs_5
Zot:2:    dreamdust_zin_vs_xom, layout_misc_corridors, grunt_megastairs_4
Zot:3:    layout_cathedral_of_symmetry
Zot:4:    gammafunk_its_a_trap, layout_twisted_circle
Zot:5:    layout_basic, nicolae_transmutations_shop

Skill      XL: |  1  2  3  4  5  6  7  8  9 10 11 12 13 14 15 16 17 18 19 20 21 22 23 24 25 |
---------------+----------------------------------------------------------------------------+-----
Fighting       | 1 2 3 4 6 7 8 9 10 11 12 14 15 16 | 16.6
Conjurations   | 2 3 4 5 7 8 10 11 12 14 16 18 19 20 | 20.0
Stealth        | 3 4 8 |  8.7
Fire Magic     | 4 5 6 11 13 16 17 18 19 20 22 | 22.0
Air Magic      | 1 2 3 5 8 14 | 14.2
Evocations     | 1 2 4 5 8 |  8.0
Spellcasting   | 4 6 8 10 12 14 15 16 18 20 | 20.0
Ice Magic      | 4 5 |  5.0
Dodging        | 4 5 6 7 8 9 10 12 13 15 16 17 | 17.2
Hexes          | 5 8 |  8.0
Summonings     | 4 7 8 10 | 10.0
Transmutations | 4 5 |  5.0
Shields        | 3 5 6 |  6.0
Armour         | 4 |  4.0
Invocations    | 3 10 13 19 22 | 22.3

Action                     |  1- 3 |  4- 6 |  7- 9 | 10-12 | 13-15 | 16-18 | 19-21 | 22-24 | 25-27 || total
---------------------------+-------+-------+-------+-------+-------+-------+-------+-------+-------++-------
  Melee: Punch             |     1 |       |       |     1 |     1 |       |       |       |       ||     3
         Dagger            |     1 |       |       |       |       |       |       |       |       ||     1
         Short sword       |     1 |     9 |    31 |    59 |    27 |    23 |     7 |     8 |       ||   165
         Staff             |       |       |       |       |    17 |     2 |    20 |       |       ||    39
   Fire: Sling             |     2 |       |       |       |       |       |       |       |       ||     2
  Throw: Dart              |       |     2 |     2 |     3 |    16 |     1 |     1 |       |       ||    25
         Throwing net      |       |       |       |       |       |       |       |       |     1 ||     1
   Cast: Foxfire           |    65 |    63 |   125 |   167 |   172 |       |       |       |       ||   592
         Scorch            |     3 |    29 |    68 |   109 |    26 |       |       |       |       ||   235
         Freezing Cloud    |       |       |     7 |    51 |    63 |     7 |     1 |       |       ||   129
         Flame Wave        |       |       |     2 |    28 |     1 |       |       |       |       ||    31
         Iskenderun's Batt |       |       |       |    11 |    50 |       |       |       |       ||    61
         Summon Mana Viper |       |       |       |    13 |    23 |     8 |     6 |       |       ||    50
         Fireball          |       |       |       |       |   206 |   278 |    78 |   107 |     2 ||   671
         Irradiate         |       |       |       |       |    15 |    26 |    19 |    14 |     2 ||    76
         Plasma Beam       |       |       |       |       |   140 |   191 |   211 |   206 |    36 ||   784
         Spellforged Servi |       |       |       |       |     1 |    36 |    36 |    28 |    12 ||   113
         Ignition          |       |       |       |       |       |    21 |    48 |    36 |       ||   105
         Fire Storm        |       |       |       |       |       |       |    13 |   107 |    55 ||   175
         Maxwell's Capacit |       |       |       |       |       |       |       |    19 |    12 ||    31
         Passwall          |       |       |       |       |       |       |       |       |     1 ||     1
  Evoke: Wand              |       |       |     4 |     3 |    10 |    13 |     8 |     8 |     5 ||    51
         Phial of floods   |       |       |       |       |     2 |       |     1 |       |       ||     3
         Box of beasts     |       |       |       |       |     1 |     1 |     1 |       |       ||     3
         Lightning rod     |       |       |       |       |       |     3 |     8 |     3 |     2 ||    16
    Use: Scroll            |       |    10 |     5 |     9 |    14 |     5 |     1 |    11 |     1 ||    56
         Potion            |       |       |     2 |       |     3 |     3 |     8 |     1 |     9 ||    26
   Stab: Sleeping          |     1 |     1 |     1 |     2 |       |     1 |       |     1 |       ||     7
         Distracted        |       |       |       |       |       |     1 |     1 |       |       ||     2
 Armour: Robe              |     1 |       |       |       |     5 |    31 |    36 |    28 |     8 ||   109
         Troll leather arm |       |     4 |    24 |       |       |       |       |       |       ||    28
         Animal skin       |       |       |       |    52 |    18 |       |       |       |       ||    70
         Steam dragon scal |       |       |       |       |     9 |       |       |       |       ||     9
  Dodge: Dodged            |     2 |     4 |    27 |   114 |    76 |    63 |    69 |    83 |    21 ||   459
  Block: Other             |       |       |       |       |    11 |       |       |       |       ||    11
         Buckler           |       |       |       |       |    16 |    50 |    65 |    39 |     6 ||   176
         Reflection        |       |       |       |       |     7 |     8 |    10 |     3 |       ||    28

Table legend: (Time is in decaauts)
 A = Elapsed time spent in this place.
 B = Non-inter-level travel time spent in this place.
 C = Inter-level travel time spent in this place.
 D = Time resting spent in this place.
 E = Time spent auto-exploring this place.
 F = Levels seen in this place.
 G = Mean time per level.
                   A        B        C        D        E       F      G
               +--------+--------+--------+--------+--------+-----+--------+
         Total |  77545 |  70807 |   6738 |  21007 |  34737 |  50 | 1550.9 |
       Dungeon |  21883 |  18275 |   3608 |   5024 |   7143 |  15 | 1458.9 |
        Temple |     20 |     11 |      9 |      0 |      1 |   1 |   20.0 |
          Lair |  10083 |   9529 |    554 |   2981 |   4860 |   5 | 2016.6 |
         Swamp |   5020 |   4821 |    199 |   2259 |   1834 |   4 | 1255.0 |
   Spider Nest |   6199 |   5918 |    281 |   2301 |   2782 |   4 | 1549.8 |
  Orcish Mines |   4316 |   3717 |    599 |   1405 |   1450 |   2 | 2158.0 |
   Elven Halls |   5469 |   5076 |    393 |   1769 |   2492 |   3 | 1823.0 |
        Vaults |   9768 |   9441 |    327 |   1829 |   6454 |   5 | 1953.6 |
        Depths |   7307 |   6835 |    472 |   1535 |   4300 |   4 | 1826.8 |
           Zot |   5283 |   4991 |    292 |   1052 |   2855 |   5 | 1056.6 |
         Sewer |    346 |    346 |      0 |     94 |      0 |   1 |  346.0 |
      Ice Cave |   1847 |   1847 |      0 |    758 |    564 |   1 | 1847.0 |
               +--------+--------+--------+--------+--------+-----+--------+

Top non-repeatable levels by time:
   Orc:2: 2912 daAuts
  Lair:5: 2565 daAuts
Spider:3: 2543 daAuts
Vaults:5: 2537 daAuts
Vaults:1: 2346 daAuts
     D:4: 2307 daAuts
Depths:3: 2294 daAuts
  Lair:3: 2285 daAuts
   Elf:1: 2163 daAuts
  Lair:4: 2128 daAuts
Vaults:3: 1944 daAuts
    D:14: 1932 daAuts
Depths:2: 1881 daAuts
   Elf:3: 1857 daAuts
   IceCv: 1847 daAuts
